TOP OF THE 1ST |
Tri-City ValleyCats batting - Pitching for Vermont Lake Monsters : RHP Luis Stuit
|
Pitching: RHP Luis Stuit
|
|
Batting: RHB Omar Amaya
|
0-0: Called Strike 0-1: Ball 1-1: Ball 2-1: Foul Ball, location: 2F 2-2: Strikes out swinging
|
Batting: LHB Bruce Arvizu
|
0-0: Called Strike 0-1: Ball 1-1: SINGLE (Line Drive, 89S, EV 92.5 MPH)
|
Batting: RHB Erik Smith
|
0-0: Called Strike 0-1: Ball 1-1: Foul Ball, location: 2F 1-2: Strikes out swinging
|
Batting: LHB Wade Girard
|
0-0: Ball Bruce Arvizu steals 2nd base 1-0: Ground out 6-3 (Groundball, 6, EV 86.9 MPH)
|
Top of the 1st over - 0 runs, 1 hit, 0 errors, 1 left on base; Tri-City 0 - Vermont 0 |
BOTTOM OF THE 1ST |
Vermont Lake Monsters batting - Pitching for Tri-City ValleyCats : RHP James Browning
|
Pitching: RHP James Browning
|
|
Batting: RHB Josh Mauer
|
0-0: Ball 1-0: Ball 2-0: Ball 3-0: Base on Balls
|
Batting: RHB Chris Temple
|
0-0: Foul Ball, location: 2F 0-1: SINGLE (Groundball, 6MD, EV 106.9 MPH) Josh Mauer to second
|
Batting: LHB Ed Talamantes
|
0-0: Called Strike 0-1: Foul Ball, location: 2F 0-2: Ball 1-2: Foul Ball, location: 2F 1-2: Grounds into double play, 4-6-3 (Groundball, 4, EV 103.1 MPH) Josh Mauer to third
|
Batting: LHB Brian Puccio
|
0-0: Foul Ball, location: 2F 0-1: Ball 1-1: Foul Ball, location: 2F 1-2: Foul Ball, location: 2F 1-2: Fly out, F8 (Line Drive, 8RD, EV 107.5 MPH)
|
Bottom of the 1st over - 0 runs, 1 hit, 0 errors, 1 left on base; Tri-City 0 - Vermont 0 |
TOP OF THE 2ND |
Tri-City ValleyCats batting - Pitching for Vermont Lake Monsters : RHP Luis Stuit
|
Batting: RHB Drew Coleman
|
0-0: Ground out 4-3 (Groundball, 4S, EV 67.5 MPH)
|
Batting: RHB Kieron Clark
|
0-0: Foul Ball, location: 2F 0-1: Ball 1-1: Foul Ball, location: 2F 1-2: SINGLE (Line Drive, 3D, EV 96.9 MPH)
|
Batting: RHB Steve Moore
|
0-0: Called Strike 0-1: Swinging Strike 0-2: Foul Ball, location: 2F 0-2: Ball 1-2: Ball 2-2: Ball 3-2: Fly out, F6 (Line Drive, 6M, EV 72.5 MPH)
|
Batting: RHB Yoshitoshi Mori
|
0-0: Ball 1-0: Foul Ball, location: 2F 1-1: Swinging Strike 1-2: Ball 2-2: Strikes out looking
|
Top of the 2nd over - 0 runs, 1 hit, 0 errors, 1 left on base; Tri-City 0 - Vermont 0 |
BOTTOM OF THE 2ND |
Vermont Lake Monsters batting - Pitching for Tri-City ValleyCats : RHP James Browning
|
Batting: LHB Victor Ferrermena
|
0-0: Called Strike 0-1: Swinging Strike 0-2: Strikes out swinging
|
Batting: RHB Chris Prinzing
|
0-0: Called Strike 0-1: SINGLE (Flyball, 8RS, EV 92.5 MPH)
|
Batting: SHB Steve Salafia
|
0-0: Called Strike Chris Prinzing steals 2nd base 0-1: Ground out 4-3 (Groundball, 4, EV 88.1 MPH) Chris Prinzing to third
|
Batting: RHB Alberto Malagon
|
0-0: Ball 1-0: Called Strike 1-1: Ball 2-1: DOUBLE (Line Drive, 8LD, EV 103.8 MPH) Chris Prinzing scores
|
Batting: RHB Nathaniel Adderley
|
0-0: SINGLE (Groundball, 56D, EV 103.1 MPH) Alberto Malagon to third Runner from 3rd tries for Home, SAFE, throw by LF to home
|
Batting: RHB Josh Mauer
|
0-0: Called Strike 0-1: Swinging Strike 0-2: Foul Ball, location: 2F 0-2: Ball Nathaniel Adderley steals 2nd, throwing error, E2 Nathaniel Adderley to third 1-2: Ball 2-2: Ball 3-2: Ground out 5-3 (Groundball, 56S, EV 90.0 MPH)
|
Bottom of the 2nd over - 2 runs, 3 hits, 1 error, 1 left on base; Tri-City 0 - Vermont 2 |
TOP OF THE 3RD |
Tri-City ValleyCats batting - Pitching for Vermont Lake Monsters : RHP Luis Stuit
|
Batting: SHB Sean Hill
|
0-0: Ball 1-0: Called Strike 1-1: Swinging Strike 1-2: Ball 2-2: SINGLE (Groundball, 4M, EV 96.2 MPH) (infield hit)
|
Batting: RHB Omar Amaya
|
0-0: Foul Ball, location: 2F 0-1: Ball 1-1: Called Strike 1-2: Ball 2-2: Ball 3-2: Base on Balls Sean Hill to second
|
Batting: LHB Bruce Arvizu
|
0-0: Swinging Strike 0-1: Ball 1-1: Called Strike 1-2: Foul Ball, location: 2F 1-2: Strikes out swinging
|
Batting: RHB Erik Smith
|
0-0: Ball 1-0: Swinging Strike 1-1: Called Strike 1-2: Ball 2-2: Strikes out swinging
|
Batting: LHB Wade Girard
|
0-0: Swinging Strike 0-1: Ball 1-1: 3-RUN HOME RUN (Flyball, 9D, EV 100.0 MPH), Distance : 380 ft
|
Batting: RHB Drew Coleman
|
0-0: Called Strike 0-1: Swinging Strike 0-2: Foul Ball, location: 2F 0-2: Ball 1-2: Strikes out looking
|
Top of the 3rd over - 3 runs, 2 hits, 0 errors, 0 left on base; Tri-City 3 - Vermont 2 |
BOTTOM OF THE 3RD |
Vermont Lake Monsters batting - Pitching for Tri-City ValleyCats : RHP James Browning
|
Batting: RHB Chris Temple
|
0-0: Ball 1-0: Ball 2-0: Ball 3-0: Swinging Strike 3-1: Swinging Strike 3-2: Foul Ball, location: 2F 3-2: SINGLE (Groundball, 6MD, EV 110.6 MPH)
|
Batting: LHB Ed Talamantes
|
0-0: Ball 1-0: Called Strike 1-1: Ball 2-1: Foul Ball, location: 2F 2-2: Fly out, F9 (Flyball, 9, EV 90.0 MPH)
|
Batting: LHB Brian Puccio
|
0-0: SINGLE (Groundball, 4D, EV 98.1 MPH) Chris Temple to second
|
Batting: LHB Victor Ferrermena
|
0-0: Called Strike 0-1: Ball 1-1: Ball 2-1: Ball 3-1: Base on Balls Chris Temple to third Brian Puccio to second
|
Batting: RHB Chris Prinzing
|
0-0: Ball 1-0: Ball 2-0: Called Strike 2-1: Swinging Strike 2-2: Fielders Choice at 2nd, 3-6 (Groundball, 34S, EV 91.9 MPH) Chris Temple scores Brian Puccio to third
|
Batting: SHB Steve Salafia
|
0-0: Ball 1-0: DOUBLE (Groundball, 3L, EV 106.9 MPH) Brian Puccio scores Chris Prinzing to third Runner from 3rd tries for Home, SAFE, throw by RF to trailing runner, SAFE at third!
|
Pitching: LHP Ruben Rojas
|
|
Batting: RHB Alberto Malagon
|
0-0: Called Strike 0-1: Ball 1-1: Ball 2-1: Ball 3-1: Foul Ball, location: 2F 3-2: Foul Ball, location: 2F 3-2: Foul Ball, location: 2F 3-2: Base on Balls
|
Batting: RHB Nathaniel Adderley
|
0-0: Ball 1-0: DOUBLE (Line Drive, 78M, EV 90.6 MPH) Steve Salafia scores Alberto Malagon to third Runner from 3rd tries for Home, SAFE, no throw by LF
|
Batting: RHB Josh Mauer
|
0-0: Ground out 1-3 (Groundball, 15, EV 71.9 MPH)
|
Bottom of the 3rd over - 5 runs, 4 hits, 0 errors, 1 left on base; Tri-City 3 - Vermont 7 |
TOP OF THE 4TH |
Tri-City ValleyCats batting - Pitching for Vermont Lake Monsters : RHP Luis Stuit
|
Batting: RHB Kieron Clark
|
0-0: SOLO HOME RUN (Flyball, 7D, EV 102.5 MPH), Distance : 385 ft
|
Batting: RHB Steve Moore
|
0-0: Ball 1-0: Swinging Strike 1-1: Called Strike 1-2: Strikes out swinging
|
Batting: RHB Yoshitoshi Mori
|
0-0: Foul Ball, location: 2F 0-1: Ball 1-1: Foul Ball, location: 2F 1-2: Strikes out swinging
|
Batting: SHB Sean Hill
|
0-0: Foul Ball, location: 2F 0-1: Ball 1-1: Foul Ball, location: 2F 1-2: Ball 2-2: Foul Ball, location: 2F 2-2: SINGLE (Groundball, 34S, EV 68.8 MPH) (infield hit)
|
Batting: RHB Omar Amaya
|
0-0: Swinging Strike 0-1: Foul Ball, location: 2F 0-2: Strikes out swinging
|
Top of the 4th over - 1 run, 2 hits, 0 errors, 1 left on base; Tri-City 4 - Vermont 7 |
BOTTOM OF THE 4TH |
Vermont Lake Monsters batting - Pitching for Tri-City ValleyCats : LHP Ruben Rojas
|
Batting: RHB Chris Temple
|
0-0: Foul Ball, location: 2F 0-1: Foul Ball, location: 2F 0-2: Ball 1-2: Strikes out swinging
|
Batting: LHB Ed Talamantes
|
0-0: Ball 1-0: Foul Ball, location: 2F 1-1: Ball 2-1: Swinging Strike 2-2: Ball 3-2: Strikes out swinging
|
Batting: LHB Brian Puccio
|
0-0: Ball 1-0: Foul Ball, location: 2F 1-1: Called Strike 1-2: Strikes out swinging
|
Bottom of the 4th over - 0 runs, 0 hits, 0 errors, 0 left on base; Tri-City 4 - Vermont 7 |
TOP OF THE 5TH |
Tri-City ValleyCats batting - Pitching for Vermont Lake Monsters : RHP Luis Stuit
|
Batting: LHB Bruce Arvizu
|
0-0: Called Strike 0-1: Ground out 4-3 (Groundball, 4, EV 89.4 MPH)
|
Batting: RHB Erik Smith
|
0-0: Ball 1-0: Swinging Strike 1-1: Swinging Strike 1-2: Strikes out looking
|
Batting: LHB Wade Girard
|
0-0: SINGLE (Line Drive, 8RS, EV 91.9 MPH)
|
Batting: RHB Drew Coleman
|
0-0: Called Strike 0-1: Called Strike 0-2: Ground out 4-3 (Groundball, 4S, EV 85.0 MPH)
|
Top of the 5th over - 0 runs, 1 hit, 0 errors, 1 left on base; Tri-City 4 - Vermont 7 |
BOTTOM OF THE 5TH |
Vermont Lake Monsters batting - Pitching for Tri-City ValleyCats : LHP Ruben Rojas
|
Batting: LHB Victor Ferrermena
|
0-0: Foul Ball, location: 2F 0-1: Foul Ball, location: 2F 0-2: Ball 1-2: Strikes out swinging
|
Batting: RHB Chris Prinzing
|
0-0: Foul Ball, location: 2F 0-1: Swinging Strike 0-2: Foul Ball, location: 2F 0-2: Strikes out swinging
|
Batting: SHB Steve Salafia
|
0-0: Ground out 5-3 (Groundball, 56S, EV 68.8 MPH)
|
Bottom of the 5th over - 0 runs, 0 hits, 0 errors, 0 left on base; Tri-City 4 - Vermont 7 |
TOP OF THE 6TH |
Tri-City ValleyCats batting - Pitching for Vermont Lake Monsters : RHP Luis Stuit
|
Batting: RHB Kieron Clark
|
0-0: Called Strike 0-1: Ball 1-1: Foul Ball, location: 2F 1-2: Ball 2-2: Strikes out swinging
|
Batting: RHB Steve Moore
|
0-0: Called Strike 0-1: Swinging Strike 0-2: Strikes out swinging
|
Batting: RHB Yoshitoshi Mori
|
0-0: Called Strike 0-1: Foul Ball, location: 2F 0-2: Ball 1-2: SINGLE (Groundball, 34D, EV 98.1 MPH)
|
Pitching: RHP Pedro Taveras
|
|
Batting: SHB Sean Hill
|
0-0: Foul Ball, location: 2F 0-1: Ball 1-1: DOUBLE (Flyball, 78D, EV 98.8 MPH) Yoshitoshi Mori to third
|
Batting: RHB Omar Amaya
|
0-0: Foul Ball, location: 2F 0-1: Ball Wild Pitch! Yoshitoshi Mori scores Sean Hill to third 1-1: Ball 2-1: Swinging Strike 2-2: Strikes out looking
|
Top of the 6th over - 1 run, 2 hits, 0 errors, 1 left on base; Tri-City 5 - Vermont 7 |
BOTTOM OF THE 6TH |
Vermont Lake Monsters batting - Pitching for Tri-City ValleyCats : LHP Ruben Rojas
|
Batting: RHB Alberto Malagon
|
0-0: Ball 1-0: Ball 2-0: Foul Ball, location: 2F 2-1: Ball 3-1: Swinging Strike 3-2: Foul Ball, location: 2F 3-2: Foul Ball, location: 2F 3-2: Foul Ball, location: 2F 3-2: Foul Ball, location: 2F 3-2: Strikes out looking
|
Pitching: RHP Robin Yelland
|
|
Batting: RHB Nathaniel Adderley
|
0-0: DOUBLE (Line Drive, 89D, EV 112.5 MPH)
|
Batting: RHB Josh Mauer
|
0-0: Called Strike 0-1: Ball 1-1: Ground out 4-3 (Groundball, 4, EV 86.9 MPH) Nathaniel Adderley to third
|
Batting: RHB Chris Temple
|
0-0: SINGLE (Groundball, 6MD, EV 103.1 MPH) Nathaniel Adderley scores
|
Batting: LHB Ed Talamantes
|
0-0: Foul Ball, location: 2F 0-1: Called Strike 0-2: Ball 1-2: Ball 2-2: Foul Ball, location: 2F 2-2: Strikes out swinging
|
Bottom of the 6th over - 1 run, 2 hits, 0 errors, 1 left on base; Tri-City 5 - Vermont 8 |
TOP OF THE 7TH |
Tri-City ValleyCats batting - Pitching for Vermont Lake Monsters : RHP Pedro Taveras
|
Batting: LHB Bruce Arvizu
|
0-0: Ball 1-0: Ball 2-0: Fly out, F9 (Flyball, 9D, EV 91.9 MPH)
|
Batting: RHB Erik Smith
|
0-0: Foul Ball, location: 2F 0-1: Fly out, F6 (Popup, 15S, EV 88.8 MPH)
|
Batting: LHB Wade Girard
|
0-0: Ball 1-0: Ball 2-0: Swinging Strike 2-1: Foul Ball, location: 2F 2-2: Foul Ball, location: 2F 2-2: Foul Ball, location: 2F 2-2: Fly out, F7 (Flyball, 78S, EV 78.1 MPH)
|
Top of the 7th over - 0 runs, 0 hits, 0 errors, 0 left on base; Tri-City 5 - Vermont 8 |
BOTTOM OF THE 7TH |
Vermont Lake Monsters batting - Pitching for Tri-City ValleyCats : RHP Robin Yelland
|
Batting: LHB Brian Puccio
|
0-0: Called Strike 0-1: Called Strike 0-2: Strikes out swinging
|
Batting: LHB Victor Ferrermena
|
0-0: Swinging Strike 0-1: Foul Ball, location: 2F 0-2: Strikes out swinging
|
Batting: RHB Chris Prinzing
|
0-0: Called Strike 0-1: Foul Ball, location: 2F 0-2: DOUBLE (Line Drive, 3D, EV 95.6 MPH)
|
Batting: SHB Steve Salafia
|
0-0: Fly out, F8 (Line Drive, 8LXD, EV 90.6 MPH)
|
Bottom of the 7th over - 0 runs, 1 hit, 0 errors, 1 left on base; Tri-City 5 - Vermont 8 |
TOP OF THE 8TH |
Tri-City ValleyCats batting - Pitching for Vermont Lake Monsters : RHP Pedro Taveras
|
Now at 1B: Igor Ciobanu
|
|
Batting: RHB Drew Coleman
|
0-0: Ball 1-0: Foul Ball, location: 2F 1-1: Called Strike 1-2: Ball 2-2: SINGLE (Groundball, 4D, EV 104.4 MPH)
|
Batting: RHB Kieron Clark
|
0-0: Foul Ball, location: 2F 0-1: Swinging Strike 0-2: Ball 1-2: 2-RUN HOME RUN (Flyball, 78XD, EV 100.0 MPH), Distance : 411 ft
|
Pinch Hitting: LHB Aldo Kok
|
0-0: Called Strike 0-1: Hit by Pitch
|
Pitching: RHP Jimmy Tasso
|
|
Pinch Hitting: LHB Tomas de Zeeuw
|
0-0: Bunted foul 0-1: Reached on error, E5 (Groundball, 5S, EV 43.8 MPH) Aldo Kok to third
|
Batting: SHB Sean Hill
|
0-0: Called Strike 0-1: Ground out 4-3 (Groundball, 13, EV 90.6 MPH)
|
Batting: RHB Omar Amaya
|
0-0: Ball 1-0: Called Strike 1-1: Ball 2-1: Ball 3-1: Swinging Strike 3-2: Fly out, F6 (Popup, 6MD, EV 68.8 MPH)
|
Batting: LHB Bruce Arvizu
|
0-0: Ball 1-0: Foul Ball, location: 2F 1-1: SINGLE (Line Drive, 4D, EV 95.6 MPH) Aldo Kok scores Tomas de Zeeuw to third
|
Batting: RHB Erik Smith
|
0-0: Ball 1-0: Called Strike 1-1: Ball Bruce Arvizu steals 2nd base 2-1: Foul Ball, location: 2F 2-2: Strikes out looking
|
Top of the 8th over - 3 runs, 3 hits, 1 error, 2 left on base; Tri-City 8 - Vermont 8 |
BOTTOM OF THE 8TH |
Vermont Lake Monsters batting - Pitching for Tri-City ValleyCats : RHP Robin Yelland
|
Now at C: Darius Mitchell
|
|
Now at 3B: J.R. Roberts
|
|
Pinch Hitting: LHB Nate Melendez
|
0-0: Ball 1-0: Foul Ball, location: 2F 1-1: Called Strike 1-2: Foul Ball, location: 2F 1-2: Foul Ball, location: 2F 1-2: Ball 2-2: Ball 3-2: Ground out 6-3 (Groundball, 6, EV 83.1 MPH)
|
Batting: RHB Nathaniel Adderley
|
0-0: Foul Ball, location: 2F 0-1: Ball 1-1: Swinging Strike 1-2: Ball 2-2: Strikes out swinging
|
Pinch Hitting: SHB Matt Sybrant
|
0-0: SINGLE (Groundball, 6MD, EV 101.2 MPH)
|
Batting: RHB Chris Temple
|
0-0: Called Strike 0-1: Foul Ball, location: 2F 0-2: Ball 1-2: Strikes out swinging
|
Bottom of the 8th over - 0 runs, 1 hit, 0 errors, 1 left on base; Tri-City 8 - Vermont 8 |
TOP OF THE 9TH |
Tri-City ValleyCats batting - Pitching for Vermont Lake Monsters : RHP Jimmy Tasso
|
Now at 3B: Eric Tiehen
|
|
Now in LF: Jon Coleman
|
|
Batting: LHB Wade Girard
|
0-0: Ball 1-0: Fly out, F7 (Flyball, 7S, EV 91.2 MPH)
|
Batting: RHB Drew Coleman
|
0-0: Ball 1-0: Swinging Strike 1-1: Ball 2-1: Ground out 5-3 (Groundball, 5, EV 111.9 MPH)
|
Batting: RHB Kieron Clark
|
0-0: Ball 1-0: Ball 2-0: Foul Ball, location: 2F 2-1: Ball 3-1: Base on Balls
|
Batting: RHB J.R. Roberts
|
0-0: Ball 1-0: Swinging Strike 1-1: Ball 2-1: Swinging Strike 2-2: Foul Ball, location: 2F 2-2: Strikes out looking
|
Top of the 9th over - 0 runs, 0 hits, 0 errors, 1 left on base; Tri-City 8 - Vermont 8 |
BOTTOM OF THE 9TH |
Vermont Lake Monsters batting - Pitching for Tri-City ValleyCats : RHP Robin Yelland
|
Batting: LHB Ed Talamantes
|
0-0: Ball 1-0: Foul Ball, location: 2F 1-1: Ball 2-1: Foul Ball, location: 2F 2-2: Foul Ball, location: 2F 2-2: Ball 3-2: Ground out 3-1 (Groundball, 34, EV 110.6 MPH)
|
Pitching: LHP Joey Callanta
|
|
Pinch Hitting: RHB Jonathan Ellis
|
0-0: Ball 1-0: Ball 2-0: Called Strike 2-1: Ball 3-1: Foul Ball, location: 2F 3-2: Base on Balls
|
Pinch Hitting: RHB Sean Gould
|
0-0: Ball 1-0: Ball 2-0: Grounds into double play, 5-4-3 (Groundball, 56, EV 99.4 MPH)
|
Bottom of the 9th over - 0 runs, 0 hits, 0 errors, 0 left on base; Tri-City 8 - Vermont 8 |
TOP OF THE 10TH |
Tri-City ValleyCats batting - Pitching for Vermont Lake Monsters : RHP Jimmy Tasso
|
Now at 1B: Jonathan Ellis
|
|
Now in RF: Sean Gould
|
|
Pinch Hitting: RHB Juan Mendoza
|
0-0: Ball 1-0: Ball 2-0: Ball 3-0: Base on Balls
|
Batting: SHB Sean Hill
|
0-0: Called Strike 0-1: Foul Ball, location: 2F 0-2: Ball 1-2: Strikes out swinging
|
Batting: RHB Omar Amaya
|
0-0: Ball 1-0: Ball 2-0: Ball 3-0: Called Strike 3-1: Foul Ball, location: 2F 3-2: Foul Ball, location: 2F 3-2: Foul Ball, location: 2F 3-2: Strikes out looking
|
Batting: LHB Bruce Arvizu
|
0-0: Called Strike 0-1: Fly out, F9 (Line Drive, 89M, EV 93.8 MPH)
|
Top of the 10th over - 0 runs, 0 hits, 0 errors, 1 left on base; Tri-City 8 - Vermont 8 |
BOTTOM OF THE 10TH |
Vermont Lake Monsters batting - Pitching for Tri-City ValleyCats : LHP Joey Callanta
|
Now at C: Jamie Youngs
|
|
Batting: RHB Chris Prinzing
|
0-0: Called Strike 0-1: Called Strike 0-2: Strikes out swinging
|
Batting: SHB Steve Salafia
|
0-0: Ball 1-0: Ball 2-0: Ball 3-0: Called Strike 3-1: Base on Balls
|
Batting: RHB Jon Coleman
|
0-0: Called Strike 0-1: DOUBLE (Line Drive, 9LS, EV 111.9 MPH) Steve Salafia to third
|
Batting: RHB Nathaniel Adderley
|
0-0: Ball 1-0: Ball 2-0: Called Strike 2-1: Foul Ball, location: 2F 2-2: Strikes out swinging
|
Batting: SHB Eric Tiehen
|
0-0: Called Strike 0-1: Ball 1-1: SINGLE (Groundball, 34D, EV 109.4 MPH) Steve Salafia scores
|
Bottom of the 10th over - 1 run, 2 hits, 0 errors, 2 left on base; Tri-City 8 - Vermont 9 |
|